 Dungeon Crawl Stone Soup version 0.17.1-3-g152610e (webtiles) character file.

624 kaze the Skirmisher (level 7, -8/44 HPs)
             Began as a Gargoyle Berserker on Mar 28, 2016.
             Was an Elder of Trog.
             Mangled by an ogre
             ... wielding a +0 giant spiked club
              (26 damage)
             ... on level 4 of the Dungeon.
             The game lasted 00:05:03 (2543 turns).

kaze the Skirmisher (Gargoyle Berserker)            Turns: 2543, Time: 00:05:03

Health: -8/44      AC: 16    Str: 23    XL:     7   Next: 47%
Magic:  7/7        EV:  9    Int:  7    God:    Trog [****..]
Gold:   159        SH:  0    Dex:  9    Spells: 0 memorised, 6 levels left

rFire  . . .     SeeInvis .     a - +0 mace
rCold  . . .     Clarity  .     w - +0 chain mail
rNeg   + . .     SustAt   .     (no shield)
rPois  ∞         Gourm    .     (no helmet)
rElec  +         Spirit   .     g - +0 cloak
rCorr  .         Warding  .     (no gloves)
rMut   .         Stasis   .     e - +0 pair of boots
MR     .....                    (no amulet)
Stlth  ..........               (no ring)
                                (no ring)

@: not resistant to hostile enchantments, extremely unstealthy
A: negative energy resistance 1, electricity resistance, unbreathing,
petrification resistance, rot immunity, AC +4
a: Berserk, Trog's Hand, Brothers in Arms, Burn Spellbooks, Renounce Religion


You were on level 4 of the Dungeon.
You worshipped Trog.
Trog was greatly pleased with you.
You were very hungry.

You visited 1 branch of the dungeon, and saw 4 of its levels.
You also visited: Sewer.

You collected 159 gold pieces.

Inventory:

Hand Weapons
 a - a +0 mace (weapon)
Missiles
 n - 3 tomahawks (quivered)
Armour
 e - a +0 pair of boots (worn)
 g - a +0 cloak (worn)
 w - a +0 chain mail (worn)
Scrolls
 b - 4 scrolls of identify {unknown}
 d - 3 scrolls of recharging {unknown}
 f - a scroll of immolation {unknown}
 h - 2 scrolls of random uselessness {unknown}
 k - a scroll of blinking {unknown}
 m - 2 scrolls of enchant weapon {unknown}
 o - 3 scrolls of teleportation {unknown}
 p - a scroll of fog {unknown}
 t - a scroll of magic mapping {unknown}
 y - a scroll of remove curse {unknown}
Potions
 i - a potion of cure mutation {unknown}
 j - 2 potions of curing {unknown}
 l - 2 potions of brilliance {unknown}
 q - a potion of heal wounds {unknown}
 r - 2 potions of magic {unknown}
 s - a potion of flight {unknown}
 u - a potion of degeneration {unknown}
 x - a potion of lignification {unknown}
Comestibles
 c - 2 bread rations
 v - a slice of pizza


   Skills:
 + Level 5.2 Fighting
 + Level 5.0 Maces & Flails
 + Level 3.8 Armour
 + Level 4.2 Dodging


You had 6 spell levels left.
You didn't know any spells.

Dungeon Overview and Level Annotations

Branches:
Dungeon (4/15)
 Temple: D:4-7

Altars:


Innate Abilities, Weirdness & Mutations

You are resistant to torment.
Your stone body is resilient (AC +4).
You are immune to poison.
You resist negative energy.
You are resistant to electric shocks.
You can survive without breathing.
You are immune to petrification.
You are immune to rotting.


Message History

You kill the giant cockroach!
Trog accepts your kill.
No target in view!
No target in view!
No target in view!
No target in view!
An ogre comes into view. It is wielding a giant spiked club.
You see here 4 fruits.
An ogre is nearby!
An ogre is nearby!
You closely miss the ogre.
The ogre hits you with a giant spiked club!
You hit the ogre.
The ogre is lightly wounded.
The ogre hits you with a giant spiked club!
You hit the ogre.
The ogre is moderately wounded.
The ogre hits you with a giant spiked club!!
Ouch! That really hurt!
You die...

.. #<..#....#
..#####.#.#...#### ##
.#<...#.#......... .#
..###.....†.#.#####.#
.........>#.#.......##
...##...#.#..........#
.#......#.#..........#
.#..#...#.#######%#.##
.#..##..#......O@.#
.#......###########
###.##.## .##.# #.#


You could see an ogre.

Vanquished Creatures
  3 big kobolds (Sewer)
  A centaur (D:3)
  The ghost of Goblin1989 the Sneak, an amateur VSAs of Xom (D:3)
  Jessica (D:3)
  A worker ant (D:3)
  Natasha (D:3)
  A river rat (D:3)
  8 adders
  2 gnolls (D:1)
  2 oozes
  2 worms
  An orc (D:3)
  8 giant cockroaches
  4 hobgoblins
  7 jackals
  12 kobolds
  5 ball pythons
  15 bats
  2 giant newts
  9 goblins
  A quokka (D:2)
  13 rats
100 creatures vanquished.

Notes
Turn   | Place    | Note
--------------------------------------------------------------
     0 | D:1      | kaze the Gargoyle Berserker began the quest for the Orb.
     0 | D:1      | Reached XP level 1. HP: 14/14 MP: 1/1
    82 | D:1      | Reached XP level 2. HP: 17/20 MP: 2/2
    85 | D:1      | Reached skill level 4 in Fighting
    85 | D:1      | Reached XP level 3. HP: 24/24 MP: 3/3
   551 | D:1      | Reached ** piety under Trog
   986 | D:2      | Reached XP level 4. HP: 27/29 MP: 4/4
  1293 | D:2      | Found a faded altar to an unknown god.
  1486 | D:3      | Reached XP level 5. HP: 27/33 MP: 5/5
  1502 | D:3      | Found a glowing drain.
  1512 | Sewer    | Entered a sewer
  1524 | Sewer    | Reached *** piety under Trog
  1684 | Sewer    | Reached XP level 6. HP: 32/39 MP: 6/6
  1976 | D:3      | Noticed a centaur
  1985 | D:3      | Killed a centaur
  1985 | D:3      | Reached skill level 5 in Fighting
  1985 | D:3      | Reached XP level 7. HP: 20/44 MP: 7/7
  1995 | D:3      | Noticed Goblin1989's ghost (amateur VSAs)
  1997 | D:3      | Noticed Jessica
  2001 | D:3      | Killed Goblin1989's ghost
  2005 | D:3      | Killed Jessica
  2149 | D:3      | Reached **** piety under Trog
  2292 | D:3      | Noticed Natasha
  2298 | D:3      | Killed Natasha
  2354 | D:3      | Reached skill level 5 in Maces & Flails
  2543 | D:4      | Mangled by an ogre

Action                   |  1- 3 |  4- 6 |  7- 9 || total
-------------------------+-------+-------+-------++-------
Melee: Mace              |   111 |   303 |    75 ||   489
Invok: Berserk           |     2 |       |       ||     2
  Eat: Bread ration      |     1 |       |       ||     1
       Chunk             |       |     2 |     1 ||     3
